Map: King's Cove LE

Players

Woah

  • Race: Terran Terran
  • Spawn Location: 11:00

Poelin - Winner!

  • Race: Protoss Protoss
  • League: Platinum
  • Spawn Location: 5:00

VOD

Have the link to the VOD?

Description

Time

  • Played on: June 11, 2019, 10:35 p.m.
  • Length: 16:46
Show
View Real Time Build Order
Export as new Build Order

Woah Terran 

Build Orders: Reaper Expand 

Get SALT Encoding   

  12  0:01  SCV  
  13  0:16  SCV  
  13  0:19  Supply Depot  
  14  0:29  SCV  
  15  0:41  SCV, Barracks  
  16  0:47  Refinery  
  16  0:53  SCV  
  17  1:05  SCV  
  18  1:19  SCV  
  19  1:30  Reaper  
  19  1:31  Orbital Command  
  20  1:52  Command Center  
  20  2:04  Barracks  
  20  2:11  SCV  
  20  2:13  Barracks Reactor  
  21  2:24  Supply Depot  
  21  2:34  SCV  
  22  2:39  Factory  
  22  2:45  Barracks  
  22  2:49  SCV  
  23  2:56  Barracks Tech Lab  
  23  2:57  Refinery  
  23  3:02  SCV  
  23  3:03  Marine  
  23  3:04  Marine  
  26  3:14  SCV  
  27  3:26  SCV  
  27  3:27  Starport, Widow Mine  
  30  3:40  SCV  
  31  3:42  Engineering Bay  
  31  3:43  Marine  
  32  3:53  Factory Tech Lab  
  30  4:14  Cyclone  
  30  4:15  Viking, Marine x2  
  34  4:33  Marine x2  
  34  4:39  Missile Turret  
  34  4:44  Missile Turret  
  32  5:19  Cyclone  
  32  5:20  Viking, Marine x2  
  39  5:32  Marine  
  41  5:42  Terran Infantry Weapons Level 1  
  41  5:45  Barracks Reactor  
  40  6:04  Stimpack, Marine x3  
  37  6:05  Cyclone  
  43  6:14  Starport Reactor  
  43  6:22  Marine  
  43  6:24  Orbital Command  
  43  6:25  SCV  
  45  6:26  Missile Turret  
  45  6:32  Supply Depot  
  45  6:33  Barracks, Supply Depot  
  45  6:37  SCV  
  46  7:01  Siege Tank  
  46  7:02  Marine x4  
  46  7:03  Marine  
  46  7:05  SCV  
  46  7:08  SCV  
  56  7:17  SCV  
  56  7:20  SCV, Marine  
  56  7:21  Marine  
  60  7:31  Barracks Reactor, Supply Depot  
  60  7:46  SCV  
  60  7:50  Missile Turret x2  
  58  8:13  Siege Tank, Marine x5  
  58  8:14  Marine x2  
  58  8:16  Bunker  
  58  8:18  Supply Depot  
  60  8:31  Marine  
  55  8:38  Viking x2  
  57  9:01  Supply Depot  
  56  9:04  Starport  
  56  9:08  Viking  
  58  9:17  SCV  
  58  9:18  SCV  
  58  9:20  Terran Infantry Armor Level 1  
  58  9:23  Supply Depot  
  58  9:27  Marine x2  
  58  9:28  Marine  
  58  9:29  SCV  
  58  9:30  SCV  
  58  9:31  Marine  
  58  9:46  Viking x2  
  58  9:49  Starport Reactor  
  62  9:54  Refinery  
  62  9:59  Cyclone  
  65  10:02  Missile Turret  
  65  10:16  Viking  
  66  10:27  Armory  
  66  10:45  Viking x2  
  70  10:52  SCV x2, Marine  
  70  10:53  Marine x6  
  78  11:06  Missile Turret  
  78  11:08  Missile Turret  
  78  11:10  Marine  
  78  11:11  Marine x2  
  78  11:26  SCV x2  
  80  11:38  SCV x2  
  82  11:40  Marine  
  82  11:41  Viking  
  82  11:42  Terran Ship Weapons Level 1  
  85  11:50  SCV  
  74  12:22  Liberator  
  57  12:24  Marine x7  
  63  12:42  Marine x3  
  69  12:49  Supply Depot  
  69  12:50  Viking  
  71  12:59  Siege Tank  
  71  13:02  Viking  
  71  13:03  Viking  
  75  13:11  Command Center  
  72  13:59  Barracks  
  72  14:01  Barracks  
  72  14:02  Barracks x2  
  72  14:04  Missile Turret  
  72  14:06  Viking  
  72  14:07  Viking x2  
  78  14:13  Medivac  
  80  14:37  Refinery  
  68  14:47  Viking x2  
  63  15:10  Marine  
  63  15:11  Marine x3  
  57  15:28  Marine x3  
  51  15:32  Viking  
  51  15:35  Viking  
  42  16:02  Viking  
  34  16:13  SCV  
  34  16:14  SCV x2  
  29  16:25  SCV  
  29  16:26  SCV  
Show
View Real Time Build Order
Export as new Build Order

Poelin Protoss - Winner!

Build Orders: Proxy Void Ray 

Get SALT Encoding   

  12  0:02  Probe  
  13  0:14  Probe  
  13  0:20  Pylon  
  14  0:24  Probe  
  15  0:34  Probe  
  16  0:43  Probe, Gateway  
  17  0:54  Assimilator  
  17  0:55  Probe  
  18  1:07  Probe  
  18  1:10  Assimilator  
  19  1:19  Probe  
  20  1:32  Probe  
  21  1:46  Cybernetics Core  
  21  1:51  Probe  
  22  1:56  Pylon  
  22  2:03  Probe  
  24  2:15  Probe  
  24  2:27  Stargate, Probe  
  25  2:30  Shield Battery  
  25  2:32  Shield Battery  
  25  2:45  Nexus  
  25  2:49  Pylon  
  25  3:07  Void Ray  
  25  3:08  Adept  
  27  3:16  Probe  
  32  3:28  Probe  
  32  3:30  Stargate  
  33  3:42  Void Ray  
  37  4:07  Probe x2  
  39  4:19  Probe x2  
  41  4:27  Void Ray x2  
  49  4:43  Probe  
  49  4:44  Probe  
  47  4:50  Assimilator  
  47  4:54  Assimilator  
  47  4:55  Probe  
  47  4:56  Probe  
  49  5:13  Warp Gate  
  49  5:15  Oracle  
  52  5:27  Probe x2  
  52  5:28  Forge  
  54  5:41  Gateway  
  54  5:43  Gateway  
  54  5:45  Gateway  
  54  5:52  Pylon  
  54  5:56  Probe x2  
  52  6:02  Void Ray x2  
  60  6:12  Probe  
  60  6:13  Pylon  
  53  6:35  Photon Cannon  
  53  6:36  Photon Cannon  
  53  6:37  Shield Battery  
  53  6:40  Pylon x2  
  53  6:45  Photon Cannon  
  53  6:58  Protoss Air Weapons Level 1  
  53  7:05  Shield Battery  
  53  7:07  Probe x2, Shield Battery  
  55  7:11  Adept  
  55  7:12  Adept x3  
  63  7:19  Probe x2  
  65  7:31  Probe x2  
  65  7:32  Protoss Shields Level 1  
  67  7:40  Adept  
  67  7:41  Adept  
  71  7:47  Pylon  
  71  7:51  Fleet Beacon  
  71  7:59  Void Ray  
  71  8:01  Void Ray  
  54  8:34  Void Ray  
  54  8:35  Adept  
  54  8:36  Adept x3  
  62  8:44  Void Ray  
  69  8:56  Protoss Air Armor Level 1  
  69  9:11  Adept x4  
  77  9:17  Tempest  
  78  9:32  Adept x3  
  78  9:33  Adept  
  86  9:46  Nexus  
  86  9:51  Pylon  
  86  9:52  Probe x2  
  88  9:58  Twilight Council  
  88  9:59  Gateway  
  88  10:03  Pylon  
  88  10:04  Probe x2  
  90  10:09  Pylon  
  90  10:15  Tempest  
  90  10:16  Probe x2  
  97  10:43  Adept x3, Protoss Shields Level 2  
  103  11:02  Protoss Air Weapons Level 2  
  100  11:15  Adept x3  
  100  11:16  Adept  
  97  11:31  Shield Battery  
  97  11:33  Photon Cannon  
  97  11:35  Photon Cannon  
  97  11:43  Adept  
  97  11:44  Adept x3  
  100  12:15  Tempest x2  
  97  12:30  Probe  
  97  12:31  Probe  
  95  12:54  Probe x3  
  95  12:57  Tempest  
  95  12:58  Tempest  
  108  13:06  Assimilator  
  108  13:10  Assimilator  
  108  13:21  Protoss Air Armor Level 2  
  108  13:25  Photon Cannon  
  108  13:28  Photon Cannon  
  108  13:40  Tempest  
  107  13:49  Resonating Glaives  
  107  13:55  Adept x4  
  113  14:12  Probe  
  113  14:13  Tempest  
  113  14:15  Probe x2  
  116  14:17  Photon Cannon  
  116  14:20  Photon Cannon  
  116  14:21  Shield Battery  
  121  14:24  Pylon  
  121  14:27  Probe  
  117  15:00  Adept x2  
  117  15:01  Adept x2  
  117  15:02  Tempest  
  130  15:07  Tempest  
  123  15:29  Adept  
  123  15:30  Adept x3  
  115  15:56  Adept x4  
  119  15:58  Tempest x2  
  129  16:05  Probe x2  
  129  16:06  Probe  
  126  16:23  Pylon  
  126  16:26  Pylon  
  120  16:39  Adept x2  
  120  16:40  Adept x2  
Tags
 
League
Platinum
Matchup
PvT
Replay Pack
r1
Spawn Locations
Cross Positions
Add a new tag
Caveats
  • Supply blocks, unpowered buildings, or Contaminate may cause inaccurate times.
  • Supply counts are checked every 10 seconds.